 Dungeon Crawl Stone Soup version 0.30.1-11-g7821555f0a (webtiles) character file.

Game seed: 10958633854410955597

162061 HOAXBANE the Zephyrmancer (level 18, -4/129 HPs)
             Began as a Human Artificer on Nov 19, 2023.
             Was a Priest of Sif Muna.
             Slain by a radroach (18 damage)
             ... on level 2 of the Spider Nest on Nov 21, 2023.
             The game lasted 08:40:04 (57504 turns).

HOAXBANE the Zephyrmancer (Human Artificer)        Turns: 57504, Time: 08:40:04

Health: -4/129     AC: 33    Str: 18    XL:     18   Next: 43%
Magic:  13/32      EV: 13    Int: 19    God:    Sif Muna [***...]
Gold:   1634       SH:  5    Dex: 15    Spells: 9/37 levels left

rFire   + . .        S - +7 dire flail (protect)
rCold   x . .        (shield currently unavailable)
rNeg    . . .        C - +0 chain mail {rPois}
rPois   +            Q - +2 helmet {SInv}
rElec   .            Y - +2 cloak
rCorr   .            a - +2 pair of gloves
SInv    +            N - +2 pair of boots
Will    +....        J - amulet of reflection Stlth
                     G - +6 ring of strength
HPRegen 0.41/turn    U - ring of fire
MPRegen 0.23/turn

%: reflection
@: under a protective aura, freezing walls, slightly contaminated
A: no striking features
a: Renounce Religion, Channel Magic, Forget Spell


You were on level 2 of the Spider Nest.
You worshipped Sif Muna.
Sif Muna was most pleased with you.
You visited 8 branches of the dungeon, and saw 30 of its levels.
You also visited: Bailey.

You collected 2990 gold pieces.
You spent 1356 gold pieces at shops.

Inventory:

Hand Weapons
 n - the +1 sling "Ronyssosk" {flame, Str+3 Int+3}
   (You found it on level 8 of the Dungeon)

   Str:       It affects your strength (+3).
   Int:       It affects your intelligence (+3).
 R - the +8 mace of the Realm of Zot {protect, rC++ Int-4}
   (You found it on level 10 of the Dungeon)

   Int:       It affects your intelligence (-4).
   rC:        It greatly protects you from cold.
 S - a +7 dire flail of protection (weapon)
 X - the +7 war axe of Change {antimagic, rElec rC+ rN+ Dex-5}
   (You bought it in a shop on level 6 of the Dungeon)

   Dex:       It affects your dexterity (-5).
   rC:        It protects you from cold.
   rElec:     It insulates you from electricity.
   rN:        It protects you from negative energy.
Armour
 a - a +2 pair of gloves (worn)
 l - a +2 robe of willpower
 r - a +5 ring mail
 C - a +0 chain mail of poison resistance (worn)
 N - a +2 pair of boots (worn)
 P - the +1 plate armour of Nutakism {Will+ Dex+2 Stlth+}
   (You took it off an orc in a bailey)

   Dex:       It affects your dexterity (+2).
   Will:      It increases your willpower.
   Stlth:     It makes you more stealthy.
 Q - a +2 helmet of see invisible (worn)
 Y - a +2 cloak (worn)
Jewellery
 o - an amulet of regeneration
 G - a +6 ring of strength (left hand)
 J - an amulet of reflection (around neck)
 U - a ring of fire (right hand)
Wands
 c - a wand of flame (46)
 d - a wand of charming (7)
 v - a wand of roots (1)
 A - a wand of paralysis (2)
 I - a wand of polymorph (40)
 T - a wand of digging (21)
 V - a wand of mindburst (17)
 W - a wand of quicksilver (2)
Scrolls
 b - a scroll of silence
 e - 4 scrolls of identify
 j - a scroll of fear
 k - 6 scrolls of teleportation
 s - 2 scrolls of magic mapping
 t - 2 scrolls of amnesia
 w - 7 scrolls of immolation
 y - 2 scrolls of fog
 D - 3 scrolls of poison
 E - 2 scrolls of vulnerability
 F - 2 scrolls of blinking
 M - a scroll of brand weapon
Potions
 f - 2 potions of flight
 g - 2 potions of invisibility
 h - a potion of attraction
 i - 3 potions of ambrosia
 p - a potion of heal wounds
 q - 2 potions of resistance
 u - 13 potions of curing
 x - 3 potions of berserk rage
 z - 3 potions of might
 B - 2 potions of haste
 H - 3 potions of brilliance
 K - 5 potions of lignification
 L - 4 potions of cancellation
 O - 3 potions of mutation
Miscellaneous
 Z - a tin of tremorstones (2/2)


   Skills:
 - Level 8.0 Fighting
 - Level 10.0 Maces & Flails
 - Level 12.0 Armour
 - Level 11.0 Dodging
 - Level 1.0 Stealth
 - Level 10.0 Spellcasting
 - Level 7.1 Conjurations
 - Level 6.0 Summonings
 - Level 8.0 Ice Magic
 + Level 14.9 Air Magic
 - Level 7.0 Poison Magic
 - Level 6.0 Invocations
 - Level 9.0 Evocations


You had 9 spell levels left.
You knew the following spells:

 Your Spells              Type           Power      Damage    Failure   Level
a - Shock                 Conj/Air       100%       1d9       1%          1
b - Poisonous Vapours     Pois/Air       100%       N/A       1%          2
c - Swiftness             Air            60%        N/A       1%          3
d - Airstrike             Air            30%        2d(5-21)  1%          4
e - Mephitic Cloud        Conj/Pois/Air  46%        N/A       2%          3
f - Ozocubu's Armour      Ice            39%        N/A       4%          3
g - Frozen Ramparts       Ice            78%        1d12      4%          3
h - Freezing Cloud        Conj/Ice/Air   23%        6-21      19%         5
i - Summon Ice Beast      Ice/Summ       36%        N/A       24%         4

Your spell library contained the following spells:

 Spells                   Type           Power      Damage    Failure   Level
 Freeze                   Ice            100%       1d10      1%          1
 Static Discharge         Conj/Air       100%       2-7/arc   1%          2
 Magic Dart               Conj           100%       1d8       2%          1
 Cigotuvi's Dreadful Rot  Necr/Pois/Air  74%        N/A       3%          2
 Searing Ray              Conj           72%        2d7       3%          2
 Hailstorm                Conj/Ice       38%        3d9       6%          3
 Summon Lightning Spire   Summ/Air       49%        N/A       6%          4
 Sting                    Tmut/Pois      88%        1d7       10%         1
 Call Canine Familiar     Summ           32%        N/A       11%         3
 Ensorcelled Hibernation  Hex/Ice        48%        N/A       12%         2
 Arcjolt                  Conj/Air       25%        1d35      13%         5
 Momentum Strike          Conj/Tloc      46%        3d9       16%         2
 Olgreb's Toxic Radiance  Pois           36%        N/A       24%         4
 Dazzling Flash           Conj/Hex       46%        N/A       30%         3
 Stone Arrow              Conj/Erth      46%        3d9       30%         3
 Apportation              Tloc           18%        N/A       38%         1
 Necrotise                Necr           36%        1d5       38%         1
 Sandblast                Erth           18%        2d7       38%         1
 Ignite Poison            Fire/Tmut/Pois 27%        N/A       43%         3
 Lesser Beckoning         Tloc           18%        N/A       54%         2
 Passwall                 Tmut/Erth      7%         N/A       54%         2
 Sublimation of Blood     Necr           9%         N/A       54%         2
 Wereblood                Tmut           9%         N/A       54%         2
 Iskenderun's Battlesphe  Conj           36%        2d9       54%         5
 Conjure Ball Lightning   Conj/Air       25%        3x3d7     56%         6
 Ice Form                 Ice/Tmut       24%        N/A       63%         4
 Fulminant Prism          Conj/Hex       11%        3d8       69%         4
 Iskenderun's Mystic Bla  Conj/Tloc      23%        2d6       69%         4
 Gell's Gravitas          Tloc           9%         N/A       77%         3
 Teleport Other           Tloc           9%         N/A       77%         3
 Tukima's Dance           Hex            9%         N/A       77%         3
 Volatile Blastmotes      Fire/Tloc      28%        2d12      77%         3
 Metabolic Englaciation   Hex/Ice        12%        N/A       92%         5
 Summon Forest            Summ/Tloc      10%        N/A       98%         5
 Summon Mana Viper        Hex/Summ       20%        N/A       98%         5
 Anguish                  Hex/Necr       4%         N/A       99%         4
 Animate Dead             Necr           9%         N/A       99%         4
 Cause Fear               Hex            4%         N/A       99%         4
 Dispel Undead            Necr           9%         3d8       99%         4
 Passage of Golubria      Tloc           9%         N/A       99%         4
 Borgnjor's Vile Clutch   Necr/Erth      4%         N/A       100%        5
 Yara's Violent Unravell  Hex/Tmut       4%         3d4       100%        5
 Death Channel            Necr           4%         N/A       100%        6
 Eringya's Noxious Bog    Tmut/Pois      11%        N/A       100%        6
 Iron Shot                Conj/Erth      11%        9d3       100%        6
 Starburst                Conj/Fire      17%        6d6       100%        6
 Enfeeble                 Hex            4%         N/A       100%        7
 Orb of Destruction       Conj           18%        9d8       100%        7
 Ozocubu's Refrigeration  Ice            19%        4d11      100%        7
 Spellforged Servitor     Conj/Summ      17%        N/A       100%        7
 Summon Hydra             Summ           16%        N/A       100%        7


Dungeon Overview and Level Annotations

Branches:
Dungeon (15/15)            Temple (0/1) D:7            Lair (5/5) D:11
  Swamp (1/4) Lair:2       Spider (3/4) Lair:3        Slime (1/5) Lair:5
    Orc (2/2) D:11            Elf (2/3) Orc:2        Vaults (0/5) D:13
 Depths (1/4) D:15         Bailey (visited)

Altars:
Ashenzari
Cheibriados
Fedhas
Kikubaaqudgha
Makhleb
Okawaru
Ru
Sif Muna
Trog
Zin
Jiyva

Shops:
D:6 [?(   Orc:1 (   Orc:2 !(((   Elf:2 **

Portals:
Hell: Lair:5

Annotations:
Lair:4 3 runed translucent doors, Hiywul's ghost, journeyman MiHu
Swamp:1 Mlioglotl
Spider:3 Bai Suzhen; Roxanne


Message History

The jumping spider is engulfed in noxious fumes.
The jumping spider appears confused.
The wall freezes the jumping spider but does no damage.
The jumping spider closely misses your ice beast.
The jumping spider bites your ice beast.
Your ice beast is killed!
Your ice beast disappears in a puff of smoke!
Casting: Frozen Ramparts (mildly dangerous; 4% risk of failure)
Confirm with . or Enter, or press ? or * to list all spells.
A chill wind blows around you.
The radroach is engulfed in noxious fumes.
The wall freezes the radroach!
The radroach bites you.
* * * LOW HITPOINT WARNING * * *
The radroach claws you but does no damage.
The jumping spider is engulfed in noxious fumes.
The jumping spider appears confused.
The wall freezes the jumping spider but does no damage.
The jumping spider pounces on your ice beast!
The jumping spider bites your ice beast but does no damage.
You puncture the radroach!
The radroach is almost dead.
The jumping spider is engulfed in noxious fumes.
The jumping spider appears confused.
The wall freezes the jumping spider.
The radroach is engulfed in noxious fumes.
The radroach appears confused.
The wall freezes the radroach.
The radroach bites you!
* * * LOW HITPOINT WARNING * * *
The radroach claws you!
* * * LOW HITPOINT WARNING * * *
You feel better.
The jumping spider is engulfed in noxious fumes.
The jumping spider appears confused.
The wall freezes the jumping spider.
The jumping spider misses your ice beast.
The jumping spider bites your ice beast but does no damage.
Your ice beast hits the jumping spider.
Your ice beast freezes the jumping spider!
The radroach is engulfed in noxious fumes.
The wall freezes the radroach but does no damage.
The radroach bites you!!
You die...

###### ##....## ###......## ###
##.#.......## ###.####
##.#...^.....############.......
##.#^............................
..###........######..............
#.# ##^.###.####@BY°.............
#.# ##........####s.............
### ##..###.#### #..............
#####.†## #.# ###.#............
...#..## #.## #^..##...........
..#..## ##.# ##.....#..........
..##.## ###.###.....###.........
#.###.####............###........
#..##.#......##........#####.....


You could see a radroach (confused), a jumping spider (confused, ally target)
and a friendly ice beast (summoned).

Vanquished Creatures
  A deep elf sorcerer (Elf:1)
  An emperor scorpion (Spider:2)
  A ghost moth (Spider:1)
  2 very ugly things (D:15)
  A stone giant (shapeshifter) (D:14)
  A deep elf demonologist (Elf:1)
  2 eleionomae
  Azrael (Spider:1)
  Nessos (Lair:4)
  A dire elephant (Lair:5)
  A bunyip (Lair:2)
  A minotaur (D:15)
  A spark wasp (Spider:2)
  A merfolk impaler (Depths:1)
  Josephine (Lair:3)
  A great orb of eyes (D:15)
  2 rakshasas
  An entropy weaver (Spider:1)
  3 hydras
  A catoblepas (D:14)
  2 ogre magi
  The ghost of Ijustatesigmund the Geomancer, a journeyman GrEE of Cheibriados (D:13)
  A boulder beetle (D:11)
  A jorogumo (Spider:2)
  An alligator (Lair:2)
  8 centaur warriors
  4 dancing weapons
  11 two-headed ogres
  6 tengu warriors
  Urug (Orc:2)
  A deep troll earth mage (Depths:1)
  4 deep elf knights (Elf:1)
  3 orc high priests (Orc:2)
  A sun demon (Lair:5)
  A fire crab (shapeshifter) (D:14)
  2 pharaoh ants
  2 skeletal warriors (D:13)
  A shadow wraith (D:13)
  6 skysharks
  2 iron trolls
  A sun moth (Spider:2)
  A deep elf archer (Elf:1)
  Lodul (D:11)
  4 deep trolls (Depths:1)
  8 orb spiders
  2 bog bodies (Lair:2)
  Pikel (D:5)
  2 wizards
  4 steelbarb worms
  2 lindwurms
  15 deep elf pyromancers
  4 cyclopes
  A faun (shapeshifter) (D:14)
  11 deep elf zephyrmancers
  5 orc sorcerers
  13 wolf spiders
  6 orc knights
  2 manticores (D:14)
  12 elephants
  14 ugly things
  A moth of wrath (Spider:1)
  2 black mambas
  A spectral centaur (D:13)
  A centaur zombie (D:13)
  3 demonic crawlers (Spider:2)
  4 torpor snails
  21 cane toads
  3 orange demons (Lair:5)
  A smoke demon (Lair:5)
  2 gargoyles
  An unseen horror (D:11)
  9 rime drakes
  Maggie (D:8)
  8 komodo dragons
  2 ice devils (Lair:5)
  A freezing wraith (D:14)
  A red devil (Lair:5)
  3 polar bears
  4 meliai (D:14)
  A meliai (shapeshifter) (D:14)
  8 trolls
  19 tarantellas
  A hornet (Swamp:1)
  Grinder (D:5)
  24 slime creatures
  15 jumping spiders
  4 blink frogs (Lair:3)
  8 culicivoras
  3 water elementals
  A centaur simulacrum (D:11)
  9 wraiths
  An air elemental (Elf:1)
  Sigmund (D:2)
  A spriggan (Swamp:1)
  4 wyverns
  35 yaks
  4 fire elementals
  A basilisk (Lair:5)
  33 redbacks
  7 vampire mosquitoes
  2 steam dragons
  4 wargs
  4 swamp worms (Swamp:1)
  3 acid dragons
  14 water moccasins
  A floating eye (shapeshifter) (D:15)
  5 hell hounds
  3 sky beasts
  23 orc warriors
  4 ice beasts
  A black bear (D:7)
  15 ogres
  9 wolves
  2 boggarts (Elf:1)
  9 centaurs
  A lemure (D:4)
  A kobold brigand (D:10)
  11 bullfrogs
  3 gnoll sergeants
  An earth elemental (Elf:1)
  8 scorpions
  4 wights (D:8)
  7 killer bees
  A lava snake (D:15)
  A howler monkey (D:11)
  4 jellies
  16 orc priests
  2 sleepcaps
  3 hounds
  Crazy Yiuf (D:3)
  3 iguanas (D:4)
  Terence (D:3)
  Natasha (D:3)
  31 orc wizards
  14 gnolls
  13 adders
  2 shadow imps
  A howler monkey simulacrum (D:11)
  16 white imps
  4 ufetubi
  2 worms
  2 dart slugs
  72 orcs
  6 ball pythons
  11 endoplasms
  2 giant cockroaches (D:2)
  12 goblins
  7 hobgoblins
  5 quokkas
  6 bats
  7 frilled lizards
  12 kobolds
  3 rats
839 creatures vanquished.

Vanquished Creatures (collateral kills)
  A fire giant (Depths:1)
  A very ugly thing (Depths:1)
  2 bunyips
  A deep troll shaman (D:15)
  A deep troll earth mage (Depths:1)
  A tarantella (Spider:2)
  3 slime creatures
  An air elemental (Elf:1)
  An ogre (D:4)
12 creatures vanquished.

Vanquished Creatures (others)
  A deep elf knight (Elf:2)
  A deep elf pyromancer (Elf:2)
  A tarantella (Spider:2)
  A redback (Spider:1)
  A meliai simulacrum (D:14)
  An orc warrior (Orc:2)
  3 orc priests
  An orc wizard (Orc:2)
  2 starspawn tentacles (Swamp:1)
12 creatures vanquished.

Grand Total: 863 creatures vanquished

Notes
Turn   | Place    | Note
-------+----------+-------------------------------------------
     0 | D:1      | HOAXBANE the Human Artificer began the quest for the Orb.
     0 | D:1      | Reached XP level 1. HP: 15/15 MP: 1/1
   159 | D:1      | Reached XP level 2. HP: 21/21 MP: 2/2
   444 | D:1      | You fall into a shaft and drop 1 floor!
   491 | D:2      | Reached XP level 3. HP: 26/26 MP: 3/3
   493 | D:2      | Learned a level 1 spell: Shock
   830 | D:1      | Reached XP level 4. HP: 30/32 MP: 5/5
   989 | D:1      | Reached skill level 1 in Air Magic
  1125 | D:1      | Reached skill level 1 in Spellcasting
  1125 | D:1      | Reached skill level 1 in Conjurations
  1465 | D:2      | Noticed Sigmund
  1475 | D:2      | Killed Sigmund
  1476 | D:2      | Reached skill level 2 in Air Magic
  1476 | D:2      | Reached XP level 5. HP: 34/37 MP: 4/8
  1476 | D:2      | Reached XP level 6. HP: 39/43 MP: 4/9
  1523 | D:2      | Found a faded altar of an unknown god.
  1538 | D:2      | Got Plato's Lessons on the Wayfarer
  2231 | D:2      | Reached skill level 3 in Air Magic
  2296 | D:3      | Found an ancient bone altar of Kikubaaqudgha.
  2672 | D:3      | Found a broken altar of Ashenzari.
  2708 | D:3      | Noticed Terence
  2716 | D:3      | Killed Terence
  2800 | D:3      | Reached XP level 7. HP: 48/48 MP: 7/11
  2957 | D:3      | Found a shimmering blue altar of Sif Muna.
  2963 | D:3      | Became a worshipper of Sif Muna the Loreminder
  3026 | D:3      | Noticed Natasha
  3028 | D:3      | Killed Natasha
  3134 | D:3      | Found a runed translucent door.
  3135 | D:3      | Noticed Crazy Yiuf
  3803 | D:4      | Found Zin's Purification Station.
  3806 | D:4      | Found a glowing silver altar of Zin.
  3811 | D:4      | Bought a potion of curing for 90 gold pieces
  4419 | D:5      | Entered Level 5 of the Dungeon
  4430 | D:4      | Reached skill level 4 in Air Magic
  4637 | D:5      | Noticed a water moccasin
  4639 | D:5      | Noticed Pikel
  4731 | D:4      | Reached XP level 8. HP: 43/54 MP: 12/12
  4948 | D:5      | Killed Pikel
  4948 | D:5      | Reached * piety under Sif Muna
  5333 | D:5      | Noticed Grinder
  5336 | D:5      | Paralysed by Grinder for 5 turns
  5345 | D:5      | Paralysed by Grinder for 3 turns
  5359 | D:5      | Killed Grinder
  5360 | D:5      | Reached XP level 9. HP: 59/59 MP: 8/13
  5609 | D:6      | Found an iron altar of Okawaru.
  5701 | D:6      | Reached skill level 5 in Dodging
  6242 | D:6      | Reached skill level 5 in Air Magic
  6443 | D:6      | Learned a level 2 spell: Poisonous Vapours
  6447 | D:6      | Learned a level 3 spell: Swiftness
  6472 | D:6      | Found Wetaic's Magic Scroll Shop.
  6474 | D:6      | Found Miffarin's Antique Armour Shop.
  6474 | D:6      | Found Luej Iza's Antique Weapon Shop.
  6485 | D:6      | Bought a scroll of identify for 22 gold pieces
  7221 | D:7      | Found a snail-covered altar of Cheibriados.
  7582 | D:7      | Reached ** piety under Sif Muna
  7583 | D:7      | Reached skill level 5 in Conjurations
  7779 | D:7      | Reached skill level 6 in Air Magic
  7916 | D:7      | Reached skill level 1 in Poison Magic
  7981 | D:7      | Found a staircase to the Ecumenical Temple.
  8176 | D:8      | Reached XP level 10. HP: 65/65 MP: 7/14
  8233 | D:8      | Noticed a brown ugly thing
  8437 | D:8      | Found a sacrificial altar of Ru.
  8682 | D:8      | Reached skill level 7 in Air Magic
  8688 | D:8      | Learned a level 4 spell: Airstrike
  8694 | D:8      | Learned a level 3 spell: Mephitic Cloud
  8779 | D:8      | Noticed Maggie
  8790 | D:8      | Killed Maggie
  8891 | D:8      | Identified the +1 sling "Ronyssosk" {flame, Str+3 Int+3}
  9099 | D:8      | Killed a brown ugly thing
  9100 | D:8      | Reached skill level 5 in Poison Magic
 10041 | D:7      | Reached skill level 1 in Invocations
 10667 | D:9      | Found a bloodstained altar of Trog.
 10693 | D:9      | Found a blossoming altar of Fedhas.
 11901 | D:10     | Entered Level 10 of the Dungeon
 11974 | D:9      | Reached XP level 11. HP: 72/72 MP: 8/17
 12310 | D:10     | Found a flagged portal.
 12395 | Bailey   | Entered a bailey
 12410 | Bailey   | Reached skill level 5 in Spellcasting
 12873 | Bailey   | Identified the +1 plate armour of Nutakism {Will+ Dex+2
                  | Stlth+}
 12873 | Bailey   | Noticed an orc knight
 12914 | Bailey   | Killed an orc knight
 12915 | Bailey   | Reached skill level 5 in Evocations
 13066 | Bailey   | Reached *** piety under Sif Muna
 13119 | Bailey   | Got the Tractate on Cankerous Power
 13737 | D:10     | Identified the +8 mace of the Realm of Zot {protect, rC++
                  | Int-4}
 14124 | D:10     | Reached skill level 1 in Maces & Flails
 14210 | D:11     | Noticed Lodul
 14468 | D:11     | Noticed a boulder beetle
 14468 | D:11     | Noticed a two-headed ogre
 14482 | D:10     | Killed a two-headed ogre
 14600 | D:11     | Killed a boulder beetle
 14868 | D:11     | Found a staircase to the Lair.
 14952 | D:11     | Reached **** piety under Sif Muna
 15384 | D:11     | Reached skill level 5 in Maces & Flails
 15667 | D:11     | Reached XP level 12. HP: 81/81 MP: 16/19
 15755 | D:11     | Found a staircase to the Orcish Mines.
 16655 | D:11     | Killed Lodul
 16656 | D:11     | Reached skill level 8 in Air Magic
 17853 | D:10     | Reached skill level 9 in Air Magic
 18107 | Lair:1   | Entered Level 1 of the Lair of Beasts
 18791 | Lair:1   | Reached skill level 10 in Air Magic
 20263 | Lair:2   | Reached XP level 13. HP: 86/86 MP: 10/23
 20358 | Lair:2   | Found a staircase to the Swamp.
 21726 | Lair:3   | Reached skill level 11 in Air Magic
 21811 | Lair:3   | Identified the +8 quarterstaff of Disharmony {antimagic,
                  | rF+ Int+3 Dex-3}
 21811 | Lair:3   | Noticed Josephine
 22262 | Lair:3   | Killed Josephine
 22688 | Lair:3   | Found a hole to the Spider Nest.
 22730 | Lair:3   | Reached ***** piety under Sif Muna
 24385 | Lair:4   | Noticed Nessos
 24394 | Lair:4   | Killed Nessos
 24681 | Lair:4   | Received a gift from Sif Muna
 24682 | Lair:4   | Reached XP level 14. HP: 96/96 MP: 13/26
 24684 | Lair:4   | Got Voesor's Atlas of Hubris {god gift}
 24779 | Lair:4   | Reached skill level 5 in Fighting
 24799 | Lair:4   | Found a runed translucent gate.
 24800 | Lair:4   | Found a runed translucent gate.
 24801 | Lair:4   | Found a runed translucent gate.
 24802 | Lair:4   | Noticed an azure jelly
 24802 | Lair:4   | Noticed an azure jelly
 24802 | Lair:4   | Noticed an acid blob
 24802 | Lair:4   | Noticed an acid blob
 24802 | Lair:4   | Noticed a quicksilver ooze
 24803 | Lair:4   | Noticed an azure jelly
 24803 | Lair:4   | Noticed an acid blob
 24803 | Lair:4   | Noticed an acid blob
 24803 | Lair:4   | Noticed Hiywul's ghost (journeyman MiHu)
 24806 | Lair:4   | Found a viscous altar of Jiyva.
 25007 | Lair:5   | Entered Level 5 of the Lair of Beasts
 26849 | Lair:5   | Found a runed translucent door.
 26849 | Lair:5   | Found a staircase to the Slime Pits.
 27416 | Lair:5   | Noticed a dire elephant
 27440 | Lair:5   | Killed a dire elephant
 27467 | Lair:5   | Reached skill level 12 in Air Magic
 27900 | Lair:5   | Found a burning altar of Makhleb.
 28592 | Lair:5   | Found a gateway to Hell.
 28813 | D:6      | Bought a scroll of blinking for 82 gold pieces
 28813 | D:6      | Bought a scroll of blinking for 82 gold pieces
 28813 | D:6      | Bought a scroll of enchant weapon for 82 gold pieces
 28813 | D:6      | Bought a scroll of enchant armour for 82 gold pieces
 28813 | D:6      | Bought a scroll of enchant armour for 82 gold pieces
 28956 | D:6      | Bought a dazzling war axe for 170 gold pieces
 28956 | D:6      | Identified the +7 war axe of Change {antimagic, rElec rC+
                  | rN+ Dex-5} (You bought it in a shop on level 6 of the
                  | Dungeon)
 29628 | Orc:1    | Entered Level 1 of the Orcish Mines
 29712 | Orc:1    | Found Xilulahex's Weapon Shop.
 29882 | Orc:2    | Entered Level 2 of the Orcish Mines
 29882 | Orc:2    | Found a staircase to the Elven Halls.
 29894 | Orc:2    | Noticed Urug
 29995 | Orc:2    | Killed Urug
 30936 | Orc:2    | Reached XP level 15. HP: 108/108 MP: 4/27
 31707 | Orc:2    | Reached skill level 10 in Maces & Flails
 32037 | Orc:2    | Found Qopoviw's Weapon Boutique.
 32037 | Orc:2    | Found Vipn's Distillery.
 32040 | Orc:2    | Found Jajug's Weapon Shoppe.
 32040 | Orc:2    | Found Yfy Xyze's Weapon Boutique.
 32046 | Orc:2    | Bought a potion of curing for 45 gold pieces
 32046 | Orc:2    | Bought a potion of berserk rage for 75 gold pieces
 32795 | Orc:2    | Reached skill level 5 in Invocations
 33566 | D:12     | Received a gift from Sif Muna
 34688 | D:11     | Reached skill level 1 in Ice Magic
 35392 | D:12     | Learned a level 3 spell: Ozocubu's Armour
 35416 | D:13     | Found a transporter.
 35419 | D:13     | Noticed Ijustatesigmund's ghost (journeyman GrEE)
 35423 | D:13     | Found a transporter.
 36122 | D:13     | Reached skill level 5 in Ice Magic
 36357 | Swamp:1  | Entered Level 1 of the Swamp
 37496 | D:13     | Found a gate to the Vaults.
 37513 | D:13     | Learned a level 3 spell: Frozen Ramparts
 37519 | D:13     | Learned a level 5 spell: Freezing Cloud
 38791 | D:14     | Reached XP level 16. HP: 115/115 MP: 23/29
 40058 | D:14     | Reached skill level 10 in Spellcasting
 40132 | D:14     | Received a gift from Sif Muna
 40135 | D:14     | Got Sif Muna's Atlas of the Entourage and Toxicity {god
                  | gift}
 40753 | D:15     | Entered Level 15 of the Dungeon
 41194 | D:15     | Learned a level 4 spell: Summon Ice Beast
 41425 | D:15     | Reached skill level 1 in Summonings
 41744 | D:15     | Found the +18 Lear's hauberk
 43024 | D:15     | Found a staircase to the Depths.
 43331 | Spider:1 | Entered Level 1 of the Spider Nest
 43339 | Spider:1 | You fall into a shaft and drop 1 floor!
 43344 | Spider:2 | Reached skill level 5 in Summonings
 43668 | Spider:1 | Reached skill level 10 in Armour
 44473 | Spider:1 | Noticed Azrael
 44488 | Spider:1 | Killed Azrael
 44951 | Spider:1 | Reached XP level 17. HP: 122/122 MP: 19/31
 45054 | Spider:1 | Received a gift from Sif Muna
 45062 | Spider:1 | Got Hoececix's Treatise on Conflict {god gift}
 46734 | Spider:2 | Reached skill level 10 in Dodging
 49138 | Depths:1 | Entered Level 1 of the Depths
 49651 | D:15     | Reached skill level 13 in Air Magic
 50530 | Depths:1 | Received a gift from Sif Muna
 50531 | Depths:1 | Got Sif Muna's Guide on the Fulgent Gang {god gift}
 50842 | Elf:1    | Entered Level 1 of the Elven Halls
 51974 | Elf:1    | Paralysed by an air elemental for 1 turns
 51983 | Elf:1    | Paralysed by an air elemental for 1 turns
 51989 | Elf:1    | Paralysed by an air elemental for 1 turns
 53053 | Elf:1    | Paralysed by an air elemental for 1 turns
 53056 | Elf:1    | Paralysed by an air elemental for 1 turns
 53097 | Elf:1    | Reached XP level 18. HP: 80/129 MP: 20/32
 54511 | Elf:2    | Found Juysiph's Assorted Antiques.
 54530 | Elf:2    | Bought a bronze wand for 136 gold pieces
 54530 | Elf:2    | Bought a runed orb for 408 gold pieces
 54856 | Elf:2    | Reached skill level 14 in Air Magic
 54932 | Elf:2    | Found Xayrigel's Specific Store.
 55328 | D:13     | Killed Ijustatesigmund's ghost
 55582 | D:3      | Killed Crazy Yiuf
 56402 | Swamp:1  | Noticed Mlioglotl
 56555 | Slime:1  | Entered Level 1 of the Pits of Slime
 57047 | Slime:1  | Noticed an acid blob
 57402 | Spider:3 | Noticed Roxanne
 57403 | Spider:3 | Noticed Bai Suzhen
 57504 | Spider:2 | Slain by a radroach

Illustrated notes

Levels and vault maps discovered:
D:1:      minmay_arrival_up_and_down, layout_loops_cross,
          chequers_serial_rivers_micro_a, kennysheep_small_spiral
D:2:      minmay_razor_zed, layout_rooms, shapermc_ecumenical_altar_rom_forum,
          uniq_sigmund
D:3:      layout_rooms, led_sif_pool, lemuel_crystal_altar, ashenzari_altar_1,
          minivault_27, grunt_ministairs_10, uniq_terence, uniq_natasha,
          uniq_crazy_yiuf_cottage
D:4:      layout_loops_ring, zin_purify
D:5:      layout_rooms, feat_on_display, uniq_pikel, uniq_grinder
D:6:      layout_basic, okawaru_metal_pillars_3,
          nicolae_shop_distant_corner_stores
D:7:      layout_basic, kennysheep_slug_shrine, minmay_temple_entry_junction
D:8:      nicolae_cairo_tiling_large, layout_basic, hangedman_ru_absence,
          uniq_maggie
D:9:      layout_cave_pods, mainiacjoe_overflow_large_starburst
D:10:     layout_basic, enter_bailey_5, minmay_orc_keep
D:11:     layout_grid_maze, erik_lair_orcish_takeover, orc_0_dummy, serial_ice,
          serial_ice_o, serial_ice_n, serial_ice_b, serial_ice_m,
          portal_ice_cave_entry_imps, gauntlet_entry_generic, uniq_lodul
D:12:     layout_loops_ring, nicolae_fountain_basement
D:13:     layout_loops_ring, david_vaults_2, gammafunk_ghost_mausoleum,
          hangedman_glass_teeth
D:14:     layout_basic, hex_medium, onia_ninara_cookie
D:15:     gammafunk_enter_depths_forms, layout_small_grid,
          kennysheep_flooded_box, hellmonk_guarded_unrand_lears, uniq_agnes
Lair:1:   layout_hall_layers, serial_bayou_shore_b, infiniplex_staircase_pool_2
Lair:2:   layout_cave_pods, skrybe_swamp_entry_bodies, grunt_megastairs_5,
          serial_bayou_shore_b, serial_bayou_shore_b
Lair:3:   layout_loops_ring, dummy_spider_entry, uniq_josephine
Lair:4:   layout_hall_layers, gammafunk_ghost_ooze, beast_lair_carwin_2,
          serial_bayou_shore_a, uniq_nessos
Lair:5:   evil_forest, layout_cave_pods, slime_entry_2
Swamp:1:  cheibrodos_swamp_tower_of_moss, layout_basic_swamp,
          evilmike_swamp_ruin_house_3, uniq_mlioglotl
Spider:1: layout_spider_delve, nicolae_spider_not_touching_you, uniq_azrael
Spider:2: layout_chambers
Spider:3: layout_spider_delve, nicolae_spider_cling_halls, uniq_arachne,
          uniq_roxanne, uniq_bai_suzhen
Slime:1:  layout_caves
Orc:1:    layout_diamond_mine, serial_shops, nicolae_shop_behind_doors
Orc:2:    grunt_orc_tribal_feast, layout_caves, basic_altar, mines1_david,
          uniq_urug
Elf:1:    layout_loops_ring, hangedman_elf_disciples
Elf:2:    elven_hall_of_blades_hangedman_original [nicolae_blade_tridents],
          layout_loops_corners, serial_shops, nicolae_shop_stone, minivault_16,
          nicolae_specific_store, serial_sigils_hangedman_clutch, uniq_aizul,
          uniq_zenata
Depths:1: layout_gridlike, nicolae_uskayaw_en_pointe, grunt_mini_vestibule,
          nicolae_abyss_entry_one_way_or_another, grunt_decor_arrowhead,
          kennysheep_treasure_room

Skill      XL: |  1  2  3  4  5  6  7  8  9 10 11 12 13 14 15 16 17 18 |
---------------+-------------------------------------------------------+-----
Evocations     | 4 6 8 9 |  9.0
Air Magic      | 2 3 4 6 7 10 11 12 13 14 | 14.9
Spellcasting   | 2 3 4 5 7 8 9 10 | 10.0
Conjurations   | 2 3 5 6 7 |  7.1
Armour         | 4 7 9 11 12 | 12.0
Dodging        | 3 5 6 7 9 11 | 11.0
Poison Magic   | 1 5 7 |  7.0
Invocations    | 3 5 6 |  6.0
Fighting       | 2 3 4 7 8 |  8.0
Maces & Flails | 5 7 9 10 | 10.0
Ice Magic      | 7 8 |  8.0
Summonings     | 5 6 |  6.0
Stealth        | |  1.0

Action                     |  1- 3 |  4- 6 |  7- 9 | 10-12 | 13-15 | 16-18 || total
---------------------------+-------+-------+-------+-------+-------+-------++-------
  Melee: Club              |    17 |       |       |       |       |       ||    17
         Dagger            |    77 |   111 |     6 |       |       |       ||   194
         Punch             |     1 |     2 |     1 |       |     1 |       ||     5
         Flail             |       |       |    66 |    20 |       |       ||    86
         Mace              |       |       |       |   198 |   138 |    44 ||   380
         Dire flail        |       |       |       |    58 |   597 |   261 ||   916
         Sling             |       |       |       |       |       |     1 ||     1
   Fire: Sling             |       |       |       |   136 |    21 |    82 ||   239
  Throw: Dart              |       |     6 |    30 |     1 |       |       ||    37
   Cast: Shock             |       |    60 |   176 |    52 |    29 |    24 ||   341
         Poisonous Vapours |       |       |    36 |   246 |   318 |   308 ||   908
         Swiftness         |       |       |     1 |     7 |     4 |     6 ||    18
         Airstrike         |       |       |       |    70 |   250 |   260 ||   580
         Mephitic Cloud    |       |       |       |    18 |    18 |    21 ||    57
         Frozen Ramparts   |       |       |       |       |     9 |    20 ||    29
         Ozocubu's Armour  |       |       |       |       |     7 |    15 ||    22
         Freezing Cloud    |       |       |       |       |     1 |    34 ||    35
         Summon Ice Beast  |       |       |       |       |       |    53 ||    53
         Summon Hydra      |       |       |       |       |       |     1 ||     1
 Invoke: Channel Magic     |       |       |       |     2 |       |     6 ||     8
         Divine Exegesis   |       |       |       |       |       |     1 ||     1
  Evoke: Wand              |     8 |     8 |    23 |    15 |     7 |    10 ||    71
    Use: Scroll            |       |     3 |     3 |    15 |    16 |    14 ||    51
         Potion            |       |       |       |     1 |     1 |    11 ||    13
   Stab: Sleeping          |     2 |       |       |       |       |       ||     2
         Confused          |       |       |       |     2 |     9 |       ||    11
 Armour: Leather armour    |    29 |    20 |       |       |       |       ||    49
         Ring mail         |       |    26 |    73 |   239 |   461 |    75 ||   874
         Skin              |       |       |       |       |    26 |       ||    26
         Chain mail        |       |       |       |       |    17 |   301 ||   318
         Robe              |       |       |       |       |       |    28 ||    28
  Dodge: Dodged            |    54 |    62 |   120 |   339 |   598 |   379 ||  1552
  Block: Other             |       |       |     1 |   119 |   221 |   134 ||   475
         Reflection        |       |       |       |     9 |    14 |     6 ||    29
